 Dungeon Crawl Stone Soup version 0.30-a0-879-ga8ba668304 (webtiles) character file.

Game seed: 5153344054055099173

85 cforsyth the Covered (level 4, -2/38 HPs)
             Began as a Barachi Fighter on Mar 13, 2023.
             Slain by an orc priest
             ... wielding a +0 mace
              (6 damage)
             ... on level 2 of the Dungeon.
             The game lasted 00:01:26 (1376 turns).

cforsyth the Covered (Barachi Fighter)              Turns: 1376, Time: 00:01:27

Health: -2/38      AC:  7    Str: 19    XL:     4   Next: 48%
Magic:  4/4        EV:  9    Int:  9    God:
Gold:   76         SH:  4    Dex: 11    Spells: 3/3 levels left

rFire   . . .      SeeInvis .    a - +0 war axe
rCold   . . .      Faith    .    c - +0 buckler
rNeg    . . .      Spirit   .    b - +0 scale mail
rPois   .          Reflect  .    (no helmet)
rElec   .          Rampage  .    (no cloak)
rCorr   .                        (no gloves)
Will    .....                    (no boots) Stlth
                                 (no amulet)
HPRegen 0.26/turn                (no ring)
MPRegen 0.09/turn                (no ring)

@: slow
A: amphibious, slowness 1, strong legs 1, +LOS
a: Hop


You were on level 2 of the Dungeon.
You visited 1 branch of the dungeon, and saw 2 of its levels.

You collected 76 gold pieces.

Inventory:

Hand Weapons
 a - a +0 war axe (weapon)
Armour
 b - a +0 scale mail (worn)
 c - a +0 buckler (worn)
Jewellery
 l - a ring of poison resistance
Scrolls
 e - 2 scrolls of acquirement {unknown}
 f - 4 scrolls of identify {unknown}
 j - a scroll of immolation {unknown}
 k - a scroll of poison {unknown}
 n - a scroll of teleportation {unknown}
Potions
 d - a potion of might
 g - 2 potions of heal wounds {unknown}
 h - 2 potions of degeneration {unknown}
 i - a potion of mutation {unknown}
 m - a potion of haste {unknown}


   Skills:
 + Level 4.5 Fighting
 - Level 2.7 Axes
 + Level 4.5 Armour
 + Level 1.4 Dodging
 - Level 3.6 Shields


You had 3 spell levels left.
You didn't know any spells.
Your spell library was empty.

Dungeon Overview and Level Annotations

Branches:
Dungeon (2/15)

Altars:


Innate Abilities, Weirdness & Mutations

You are amphibious.
You cover ground slowly.
You can hop short distances.
You have an extended range of vision and can be seen from far away.


Message History

You are too injured to fight recklessly!
You are too injured to fight recklessly!
You are too injured to fight recklessly!
You are too injured to fight recklessly!
You hit the orc priest.
The orc priest is lightly wounded.
You closely miss the orc. The orc priest hits you with a +0 mace.
You block the orc's attack.
You hit the orc priest.
The orc priest is moderately wounded.
You hit the orc but do no damage.
The orc priest mumbles some strange prayers to Beogh against you.
Pain shoots through your body! The orc hits you with a +0 flail.
You barely miss the orc priest.
The orc priest is moderately wounded.
You hit the orc. You block the orc priest's attack. The orc barely misses you.
You block the orc priest's attack. The orc hits you but does no damage.
You barely miss the orc priest.
The orc priest is moderately wounded.
You hit the orc but do no damage. You block the orc priest's attack.
The orc hits you with a +0 flail.
* * * LOW HITPOINT WARNING * * *
You closely miss the orc priest.
The orc priest is moderately wounded.
You closely miss the orc. The orc priest hits you with a +0 mace.
* * * LOW HITPOINT WARNING * * *
You block the orc's attack.
You slash the orc priest!
The orc priest is almost dead.
You hit the orc but do no damage. The orc priest hits you with a +0 mace.
* * * LOW HITPOINT WARNING * * *
The orc closely misses you.
The orc priest hits you but does no damage.
You block the orc's attack.
You closely miss the orc priest.
The orc priest is almost dead.
You hit the orc.
You kill the orc!
The orc priest hits you with a +0 mace.
You die...

#......##.#.#...#...
#......+............
#......##.#.#...####
####...............+...
#.............##...####
#............####.####.
#.!..........+.........
#....?.......####.#####
#....o@......#....#
.......))......####.#
...............# #.#
...............# #.. .
...............# #.# #.
...............# ### ##
............####
............#
............#


You could see an orc priest.

Vanquished Creatures
  An orc wizard (D:2)
  Robin (D:1)
  A dart slug (D:1)
  An orc (D:2)
  2 ball pythons (D:1)
  3 endoplasms (D:1)
  2 giant cockroaches (D:1)
  15 goblins
  3 hobgoblins (D:1)
  5 jackals (D:1)
  A quokka (D:1)
  3 bats (D:1)
  A frilled lizard (D:1)
  A kobold (D:1)
  A rat (D:1)
41 creatures vanquished.

Vanquished Creatures (others)
  A plant (D:1)
  5 toadstools (D:1)
6 creatures vanquished.

Grand Total: 47 creatures vanquished

Notes
Turn   | Place    | Note
-------+----------+-------------------------------------------
     0 | D:1      | cforsyth the Barachi Fighter began the quest for the Orb.
     0 | D:1      | Reached XP level 1. HP: 18/18 MP: 1/1
   143 | D:1      | Reached XP level 2. HP: 25/25 MP: 2/2
   318 | D:1      | Reached XP level 3. HP: 30/30 MP: 3/3
   860 | D:2      | Noticed Robin
  1180 | D:1      | Killed Robin
  1181 | D:1      | Reached skill level 1 in Dodging
  1181 | D:1      | Reached XP level 4. HP: 37/37 MP: 4/4
  1285 | D:2      | Found a faded altar of an unknown god.
  1376 | D:2      | Slain by an orc priest

Illustrated notes

Levels and vault maps discovered:
D:1:      ldierk_walled_garden, layout_loops_cross, minmay_misc_feat_enclosed,
          minmay_octomino_e4
D:2:      layout_basic, basic_altar, serial_glass, glass_columns_c,
          glass_columns_b, glass_columns_a, glass_columns_a, glass_columns_a,
          glass_columns_a, feat_on_display, minmay_strange_pillars,
          due_unseen_surprise, basic_ecumenical_altar, minmay_surrounded,
          uniq_robin

Skill      XL: |  1  2  3 |
---------------+----------+-----
Armour         | 4 |  4.5
Fighting       | 4 |  4.5
Dodging        | 1 |  1.4
Axes           | |  2.7
Shields        | |  3.6

Action                     |  1- 3 |  4- 6 || total
---------------------------+-------+-------++-------
  Melee: War axe           |    96 |    18 ||   114
 Armour: Scale mail        |    68 |     9 ||    77
  Dodge: Dodged            |    43 |    15 ||    58
  Block: Buckler           |    34 |    11 ||    45

Table legend: (Time is in decaauts)
 A = Elapsed time spent in this place.
 B = Non-inter-level travel time spent in this place.
 C = Inter-level travel time spent in this place.
 D = Time resting spent in this place.
 E = Time spent auto-exploring this place.
 F = Levels seen in this place.
 G = Mean time per level.
                   A        B        C        D        E       F      G
               +--------+--------+--------+--------+--------+-----+--------+
         Total |   1549 |   1496 |     53 |    383 |    849 |   2 |  774.5 |
       Dungeon |   1549 |   1496 |     53 |    383 |    849 |   2 |  774.5 |
               +--------+--------+--------+--------+--------+-----+--------+

Top non-repeatable levels by time:
     D:1: 1429 daAuts
     D:2: 120 daAuts
